AoeStats
← 大王同学

Arena

505869330Analyzed
4v4 RM · 19d ago on Sep 11, 2026· 28m 46s· 8 players
Game mode
Random Map
Map size
Large (8 player)
Population
200
Speed
Normal
Resources
Standard
Victory
Conquest
Starting age
Dark Age
Ending age
Imperial Age
RankedLock teamsTeams togetherTeam positionsShared explorationLock speedFull tech treeHidden civsTurbo modeCheats
Victory
Defeat
🇭🇰 Goths · Hong Kong SAR China
1266
+10
🇨🇳 Cumans · China
1179
+14
🇨🇳 Turks · China
1132
+15
🇨🇳 Bohemians · China
1130
+16
🇻🇳 Dravidians · Vietnam
1151
-15
🇵🇱 Persians · Poland
1140
-14
🇷🇺 Teutons · Russia
1114
-13
🇻🇳 Turks · Vietnam
1097
-13
loczekk_95
3:16 Loom
10:39 Feudal Age
12:14 Wheelbarrow
11:26 Double-Bit Axe
11:27 Horse Collar
11:52 Gold Mining
14:47 Bloodlines
15:40 Scale Barding Armor
20:02 Forging
23:52 Castle Age
24:35 Hand Cart
24:55 Husbandry
24:15 Light Cavalry
25:31 Bow Saw
26:50 Heavy Plow
28:52 Gold Shaft Mining
xxxx
11:14 Feudal Age
12:37 Loom
14:01 Loom
16:19 Castle Age
ddanenl
11:38 Feudal Age
12:02 Feudal Age
13:51 Double-Bit Axe
16:16 Castle Age
20:53 Imperial Age
Akuma Fake
10:42 Feudal Age
11:34 Double-Bit Axe
11:31 Horse Collar
16:18 Castle Age
15:42 Wheelbarrow
17:28 Bow Saw
18:52 Loom
19:59 Heavy Plow
21:04 Hand Cart
27:21 Imperial Age
25:36 Fletching
25:47 Padded Archer Armor
25:51 Gold Mining
26:15 Bodkin Arrow
26:52 Ballistics
27:49 Leather Archer Armor
29:17 Ring Archer Armor
kiyohime
1:30 Loom
9:55 Feudal Age
10:45 Double-Bit Axe
11:40 Horse Collar
13:04 Town Watch
15:55 Wheelbarrow
20:18 Gold Mining
23:54 Castle Age
22:35 Scale Barding Armor
22:41 Forging
23:36 Bloodlines
25:04 Chain Barding Armor
25:20 Iron Casting
24:19 Light Cavalry
26:02 Hand Cart
26:54 Bow Saw
26:47 Heavy Plow
大王同学
6:52 Loom
8:53 Feudal Age
9:33 Double-Bit Axe
15:48 Horse Collar
17:00 Fletching
17:11 Padded Archer Armor
21:52 Wheelbarrow
25:54 Castle Age
24:46 Gold Mining
25:20 Stone Mining
27:02 Bow Saw
26:38 Crossbowman
27:14 Bodkin Arrow
27:48 Pikeman
28:28 Squires
28:30 Scale Mail Armor
28:41 Forging
唐尚书右丞王维
0:30 Loom
12:15 Feudal Age
19:17 Castle Age
18:39 Gold Mining
18:36 Double-Bit Axe
22:37 Wheelbarrow
22:10 Horse Collar
25:51 Hand Cart
29:32 Imperial Age
27:27 Ballistics
27:08 Fletching
27:19 Padded Archer Armor
28:34 Bodkin Arrow
29:02 Thumb Ring
K12580
0:32 Loom
11:34 Feudal Age
15:58 Castle Age
14:23 Double-Bit Axe
17:04 Loom
20:32 Wheelbarrow
Connection lost

Rejoining the realm…

Still unreachable

The connection could not be restored.

Session expired

The server has moved on; the page needs a fresh start.